 Dungeon Crawl Stone Soup version 0.26.1-2-gb8aa6d0cf2 (webtiles) character file.

Game seed: 2493884542253012263

101 growler the Gusty (level 4, -5/24 HPs)
             Began as a Tengu Air Elementalist on Feb 25, 2021.
             Killed from afar by an orc wizard (9 damage)
             ... with a magic dart
             ... on level 3 of the Dungeon.
             The game lasted 00:05:55 (3231 turns).

growler the Gusty (Tengu Air Elementalist)          Turns: 3231, Time: 00:05:56

Health: -5/24      AC:  2    Str:  8    XL:     4   Next: 75%
Magic:  0/9        EV: 12    Int: 17    God:
Gold:   73         SH:  0    Dex: 14    Spells: 3/9 levels left

rFire    . . .     SeeInvis .   (no weapon)
rCold    . . .     Faith    .   (no shield)
rNeg     . . .     Spirit   .   a - +0 robe
rPois    .         Reflect  .   (helmet restricted)
rElec    .         Harm     .   (no cloak)
rCorr    .         Rampage  .   (no gloves)
Will     .....                  (boots unavailable)
Stlth    ++........             (no amulet)
HPRegen  0.08/turn              (no ring)
MPRegen  0.11/turn              (no ring)

@: slowed, very slow
A: beak, talons 3
a: no special abilities


You were on level 3 of the Dungeon.
You visited 1 branch of the dungeon, and saw 3 of its levels.

You collected 73 gold pieces.

Inventory:

Missiles
 k - 7 boomerangs of dispersal {!f}
Armour
 a - a +0 robe (worn)
 j - a +2 buckler of positive energy
   (You found it on level 2 of the Dungeon)
Scrolls
 c - a scroll of noise {unknown}
 d - a scroll of immolation {!r}
 g - a scroll of enchant armour {unknown}
 h - a scroll of magic mapping {unknown}
 i - 2 scrolls of teleportation {unknown}
Potions
 b - 4 potions of curing {@q1}
 e - a potion of heal wounds {unknown}
 f - a potion of haste {unknown}
 l - a potion of degeneration {unknown}


   Skills:
 - Level 2.1 Dodging
 - Level 2.0 Stealth
 + Level 3.0 Spellcasting
 + Level 3.4 Conjurations
 + Level 5.2 Air Magic


You had 3 spell levels left.
You knew the following spells:

 Your Spells              Type           Power        Failure   Level
a - Shock                 Conj/Air       68%          3%          1
d - Static Discharge      Conj/Air       17%          9%          3
s - Swiftness             Air            20%          3%          2

Your spell library contained the following spells:

 Spells                   Type           Power        Failure   Level
 Airstrike                Air            10%          21%         4
 Lightning Bolt           Conj/Air       8%           63%         5


Dungeon Overview and Level Annotations

Branches:
Dungeon (3/15)

Altars:
Sif Muna


Innate Abilities, Weirdness & Mutations

You have a beak for a mouth.
You have claws for feet.


Message History

You see here 12 gold pieces.
Aim: an orc, wielding a +0 short sword (asleep, 0% to evade)
The zap hits the orc.
The orc shouts!
You hear a shout! x5
Aim: an orc, wielding a +0 short sword (heavily wounded, 29% to evade)
The zap hits the orc.
You hear a shout! x2; You hear an angry hiss.
You hear a shout! x2
Aim: an orc, wielding a +0 short sword (severely wounded, 29% to evade)
The zap hits the orc.
You kill the orc!
You feel a bit more experienced. x2
You hear a shout!
Your Spellcasting skill increases to level 3!
An orc wizard comes into view. It is wielding a +0 hand axe.
Aim: an orc wizard, wielding a +0 hand axe and wearing a +0 robe (36% to evade)
The zap hits the orc wizard but does no damage.
An orc comes into view. It is wielding a +0 hand axe.
Aim: an orc wizard, wielding a +0 hand axe and wearing a +0 robe (36% to evade)
The zap hits the orc wizard.
The zap misses the orc.
Aim: an orc wizard, wielding a +0 hand axe and wearing a +0 robe (lightly wounded, 36% to evade)
The zap hits the orc wizard.
You feel a bit more experienced.
You hear a shout!
The orc wizard gestures at you while chanting.
You feel yourself slow down.
Aim: an orc wizard, wielding a +0 hand axe and wearing a +0 robe (lightly wounded, 36% to evade)
The zap hits the orc wizard.
The zap hits the orc.
The orc wizard casts a spell at you.
You feel as though you will be slow longer.
Aim: an orc wizard, wielding a +0 hand axe and wearing a +0 robe (heavily wounded, 36% to evade)
The zap misses the orc wizard.
The orc wizard points at you and mumbles some strange words.
The magic dart hits you. The orc hits you with a +0 hand axe.
The orc wizard gestures at you while chanting.
The magic dart hits you!
* * * LOW HITPOINT WARNING * * *
The spell is quite dangerous to cast (9% risk of failure)!
Continue anyway?
The orc wizard is struck by an arc of lightning!
The lightning grounds out.
The orc is struck by an arc of lightning!
You kill the orc!
You are struck by an arc of lightning.
* * * LOW HITPOINT WARNING * * *
The lightning grounds out.
The orc wizard hits you with a +0 hand axe.
* * * LOW HITPOINT WARNING * * *
The orc wizard hits you with a +0 hand axe.
* * * LOW HITPOINT WARNING * * *
The orc wizard points at you and mumbles some strange words.
The magic dart hits you!
You die...

# #.#.# #.# #
#.#.######.# #
#.#.##.....# #
#.#.##.###### # #
#.#.........# # #.
#.†.......#.#
#.###########.##.#.#
#####.)...........##.#.#
......)o.@........##.#.#
################.###.#.#
#....(..# #.#.#
#.####### #.#.# ..# ...


You could see an orc wizard.

Vanquished Creatures
  2 adders
  4 worms (D:2)
  A dart slug (D:2)
  A leopard gecko (D:2)
  5 orcs (D:3)
  4 bats
  5 giant cockroaches
  8 goblins
  3 hobgoblins
  4 jackals (D:1)
  8 kobolds
  A quokka (D:2)
  5 frilled lizards
  9 rats
60 creatures vanquished.

Notes
Turn   | Place    | Note
-------+----------+-------------------------------------------
     0 | D:1      | growler the Tengu Air Elementalist began the quest for the
                  | Orb.
     0 | D:1      | Reached XP level 1. HP: 10/10 MP: 4/4
   271 | D:1      | Reached XP level 2. HP: 15/15 MP: 4/6
  1314 | D:2      | Reached XP level 3. HP: 19/19 MP: 3/7
  1360 | D:2      | Noticed a sky beast
  2160 | D:2      | Found a shimmering blue altar of Sif Muna.
  2417 | D:2      | Reached XP level 4. HP: 24/24 MP: 7/9
  2480 | D:2      | Reached skill level 5 in Air Magic
  2628 | D:2      | Learned a level 2 spell: Swiftness
  2632 | D:2      | Learned a level 3 spell: Static Discharge
  3231 | D:3      | Killed from afar by an orc wizard

Illustrated notes

Levels and vault maps discovered:
D:1:      minmay_arrival_four_loops, layout_loops_corners
D:2:      minmay_recursive_quarters, layout_loops_ring, lemuel_blue_sif_altar,
          minmay_pentomino_x2
D:3:      layout_basic, fiery_altar_vehumet

Skill      XL: |  1  2  3  4 |
---------------+-------------+-----
Conjurations   | 2 3 |  3.4
Air Magic      | 5 |  5.2
Spellcasting   | 3 |  3.0
Dodging        | |  2.1
Stealth        | |  2.0

Action                   |  1- 3 |  4- 6 || total
-------------------------+-------+-------++-------
Melee: Unarmed           |     3 |       ||     3
       Kick              |     3 |       ||     3
       Peck              |     1 |       ||     1
 Cast: Shock             |    79 |    42 ||   121
       Static Discharge  |       |     1 ||     1
  Use: Scroll            |     4 |       ||     4
Armor: Robe              |     1 |     1 ||     2
Dodge: Dodged            |     1 |     3 ||     4
